 Dungeon Crawl Stone Soup version 0.22.1-1-ga44c0e56f4 (webtiles) character file.

234 Peloso the Shield-Bearer (level 5, 0/47 HPs)
             Began as a Minotaur Fighter on Oct 30, 2018.
             Succumbed to a scorpion's poison
             ... on level 5 of the Dungeon.
             The game lasted 00:05:36 (2518 turns).

Peloso the Shield-Bearer (Minotaur Fighter)         Turns: 2518, Time: 00:05:37

Health: 0/47       AC: 14    Str: 20    XL:     5   Next: 75%
Magic:  4/4        EV:  6    Int:  5    God:
Gold:   117        SH: 10    Dex: 11    Spells: 4/4 levels left

rFire    + . .     SeeInvis .   a - +0 long sword
rCold    . . .     Gourm    .   c - +0 shield
rNeg     . . .     Faith    .   b - +0 plate armour
rPois    .         Spirit   .   (helmet restricted)
rElec    .         Reflect  .   (no cloak)
rCorr    .         Harm     .   (no gloves)
MR       +....     Rnd*Rage +   (no boots)
Stlth    ..........             (no amulet)
HPRegen  0.15/turn              j - ring of attention (curse)
MPRegen  0.09/turn              p - ring of protection from magic

@: lethally poisoned (0 -> -6)
A: retaliatory headbutt, horns 2, talons 1, repulsion field 1, iridescent scales
1, berserk 1, fire resistance 1
a: no special abilities


You were on level 5 of the Dungeon.
You were very hungry.

You visited 1 branch of the dungeon, and saw 5 of its levels.

You collected 117 gold pieces.

Inventory:

Hand Weapons
 a - a +0 long sword (weapon)
 o - a +1 hand axe of flaming
Armour
 b - a +0 plate armour (worn)
 c - a +0 shield (worn)
Jewellery
 j - a cursed ring of attention (left hand)
 p - a ring of protection from magic (right hand)
 r - the ring of Jepaggoe {rCorr rF+ MR+, unknown}
   (You found it on level 4 of the Dungeon)

   [ring of resist corrosion]

   It protects you from fire.
   It affects your resistance to hostile enchantments.
Scrolls
 g - a scroll of remove curse {unknown}
 i - a scroll of amnesia {unknown}
 k - 4 scrolls of identify {unknown}
 m - 2 scrolls of random uselessness {unknown}
 n - a scroll of fog {unknown}
 q - 5 scrolls of teleportation {unknown}
Potions
 d - a potion of might
 e - a potion of heal wounds {unknown}
 h - 2 potions of berserk rage
 l - a potion of curing {unknown}
Comestibles
 f - 6 rations


   Skills:
 + Level 4.5 Fighting
 + Level 3.9 Long Blades
 + Level 4.8 Armour
 + Level 1.7 Dodging
 + Level 5.4 Shields


You had 4 spell levels left.
You didn't know any spells.
Your spell library was empty.

Dungeon Overview and Level Annotations

Branches:
Dungeon (5/15)
 Temple: D:4-7

Altars:

Portals:
Sewer: D:4


Innate Abilities, Weirdness & Mutations

You reflexively headbutt those who attack you in melee.
You have a pair of horns on your head.
You have sharp toenails.
You are surrounded by a mild repulsion field. (EV +2)
You are partially covered in iridescent scales. (AC +2)
You tend to lose your temper in combat.
Your flesh is heat resistant. (rF+)


Message History

The scorpion stings you.
* * * LOW HITPOINT WARNING * * *
The scorpion stings you.
* * * LOW HITPOINT WARNING * * *
You are lethally poisoned!
The scorpion poisons you!
* * * LOW HITPOINT WARNING * * *
You feel sick.
The scorpion stings you but does no damage.
* * * LOW HITPOINT WARNING * * *
You feel sick. You block the scorpion's attack.
* * * LOW HITPOINT WARNING * * *
You feel sick.
The scorpion stings you but does no damage.
* * * LOW HITPOINT WARNING * * *
You feel sick. You block the scorpion's attack.
* * * LOW HITPOINT WARNING * * *
You feel sick.
The scorpion stings you but does no damage.
You die...

### ....
####+#### .....
.......<#......
......<@s......
.......)....##.
.......[.>..#
...........##
.......#.###
....... ..
....... .#
....... ##


You could see a scorpion.

Vanquished Creatures
  A centaur (D:2)
  A worker ant (D:4)
  7 adders
  An ooze (D:4)
  4 worms
  2 dart slugs (D:2)
  3 leopard geckos
  An orc (D:5)
  A giant cockroach (D:4)
  A goblin (D:3)
  6 hobgoblins
  3 jackals (D:1)
  9 bats
  4 frilled lizards (D:2)
  7 kobolds
  5 rats
56 creatures vanquished.

Notes
Turn   | Place    | Note
-------+----------+-------------------------------------------
     0 | D:1      | Peloso the Minotaur Fighter began the quest for the Orb.
     0 | D:1      | Reached XP level 1. HP: 19/19 MP: 0/0
   202 | D:1      | Reached XP level 2. HP: 23/27 MP: 1/1
   223 | D:1      | Reached skill level 4 in Shields
   700 | D:2      | Reached XP level 3. HP: 10/33 MP: 2/2
  1082 | D:2      | Reached XP level 4. HP: 27/41 MP: 3/3
  1181 | D:2      | Reached skill level 1 in Dodging
  1338 | D:2      | Noticed a centaur
  1352 | D:2      | Gained mutation: You are surrounded by a mild repulsion
                  | field. (EV +2) [potion of mutation]
  1352 | D:2      | Gained mutation: You are clumsy. (Dex -2) [potion of
                  | mutation]
  1352 | D:2      | Gained mutation: You are partially covered in iridescent
                  | scales. (AC +2) [potion of mutation]
  1356 | D:2      | Killed a centaur
  1356 | D:2      | Reached XP level 5. HP: 5/47 MP: 4/4
  1663 | D:2      | Lost mutation: You are clumsy. (Dex -2) [potion of
                  | mutation]
  1663 | D:2      | Gained mutation: You tend to lose your temper in combat.
                  | [potion of mutation]
  1663 | D:2      | Gained mutation: You have sharp toenails. [potion of
                  | mutation]
  1663 | D:2      | Gained mutation: Your flesh is heat resistant. (rF+)
                  | [potion of mutation]
  1915 | D:3      | Reached skill level 5 in Shields
  2142 | D:4      | Found a glowing drain.
  2292 | D:4      | Got a slimy granite ring
  2447 | D:5      | Entered Level 5 of the Dungeon
  2516 | D:5      | HP: 2/47 [poisoned by a scorpion]
  2518 | D:5      | Succumbed to a scorpion's poison

Skill      XL: |  1  2  3  4  5 |
---------------+----------------+-----
Fighting       | 4 |  4.5
Shields        | 4 5 |  5.4
Armour         | 4 |  4.8
Long Blades    | 3 |  3.9
Dodging        | 1 |  1.7

Action                   |  1- 3 |  4- 6 || total
-------------------------+-------+-------++-------
Melee: Long sword        |    72 |    38 ||   110
       Headbutt          |    10 |     9 ||    19
       Kick              |       |     8 ||     8
  Use: Potion            |     1 |     4 ||     5
  Eat: Chunk             |       |     4 ||     4
Armor: Scale mail        |    56 |     5 ||    61
       Plate armour      |       |   107 ||   107
Dodge: Dodged            |    33 |    69 ||   102
Block: Shield            |    60 |   125 ||   185
       Rpst.: Long sword |     9 |    11 ||    20
